 Dungeon Crawl Stone Soup version 0.20.0-15-g7f486f2 (webtiles) character file.

32 MANCO the Sneak (level 3, 0/18 HPs)
             Began as a Spriggan Assassin on June 30, 2017.
             Succumbed to an adder's poison
             ... on level 2 of the Dungeon on July 1, 2017.
             The game lasted 00:08:22 (825 turns).

MANCO the Sneak (Spriggan Assassin)                  Turns: 825, Time: 00:08:23

Health: 0/18       AC:  3    Str:  7    XL:     3   Next: 10%
Magic:  4/4        EV: 17    Int: 12    God:
Gold:   8          SH:  0    Dex: 18    Spells: 1/2 levels left

rFire    . . .     SeeInvis +   a - +2 dagger
rCold    . . .     Gourm    .   (shield restricted)
rNeg     . . .     Faith    .   c - +0 robe
rPois    .         Spirit   .   (helmet restricted)
rElec    .         Reflect  .   d - +0 cloak
rCorr    .         Harm     .   (gloves unavailable)
MR       .....                  (boots unavailable)
Stlth    ++++......             (no amulet)
Regen    0.1/turn               (no ring)
MPRegen  0.1/turn               (no ring)

@: lethally poisoned (0 -> -5), flying, very quick
A: unfitting armour, see invisible, herbivore 3, speed 3, slow metabolism 2
a: no special abilities


You were on level 2 of the Dungeon.
You were not hungry.

You visited 1 branch of the dungeon, and saw 2 of its levels.

You collected 8 gold pieces.

Inventory:

Hand Weapons
 a - a +2 dagger (weapon)
 b - a +0 blowgun
Missiles
 e - 6 poisoned needles
 f - 2 curare-tipped needles
Armour
 c - a +0 robe (worn)
 d - a +0 cloak (worn)
Scrolls
 i - 2 scrolls of identify {unknown}
 m - a scroll of remove curse {unknown}
Potions
 k - 2 potions of curing {unknown}
Books
 l - a book of Misfortune

   Spells                             Type                      Level
   a - Confusing Touch                Hexes                        1
   b - Confuse                        Hexes                        3
   c - Gell's Gravitas                Translocation                3
   d - Petrify                        Transmutation/Earth          4
   e - Metabolic Englaciation         Hexes/Ice                    5
   f - Yara's Violent Unravelling     Hexes/Transmutation          5
Comestibles
 g - 2 bread rations


   Skills:
 + Level 1.7 Fighting
 + Level 2.5 Short Blades
 + Level 2.1 Throwing
 + Level 1.5 Dodging
 + Level 7.0 Stealth
 + Level 0.2 Spellcasting


You had one spell level left.
You knew the following spells:

 Your Spells              Type           Power        Failure   Level  Hunger
a - Confusing Touch       Hex            #.....       32%         1    ##.....


Dungeon Overview and Level Annotations

Branches:
Dungeon (2/15)

Altars:

Annotations:
D:2 Ijyb


Innate Abilities, Weirdness & Mutations

You are very small and have problems with some larger weapons.
You are too small for most types of armour.
You have supernaturally acute eyesight. (SInv)
You are a herbivore.
You cover ground extremely quickly.
You need consume almost no food.


Message History

You closely miss the adder.
The adder is heavily wounded.
You feel sick. The adder barely misses you.
The adder bites you but does no damage.
* * * LOW HITPOINT WARNING * * *
You feel sick.
* * * LOW HITPOINT WARNING * * *
You feel sick.
* * * LOW HITPOINT WARNING * * *
You feel sick.
* * * LOW HITPOINT WARNING * * *
You feel sick.
It was a potion of flight.
You feel very buoyant.
You fly up into the air.
* * * LOW HITPOINT WARNING * * *
You feel sick. The adder closely misses you.
* * * LOW HITPOINT WARNING * * *
You feel sick.
You die...

#.# #.# #.# ..
#.#
#...###S####.##
.>............#
#...###.####.##
## #.# #@####
#..>.# ####.#
#.# # #.#.#
#######.#.##.#.
# .
..............#
.#.
#######.#.##.##
#.. #.#.#


You could see an adder.

Vanquished Creatures
  A gnoll (D:1)
  2 leopard geckos
  6 goblins
  3 hobgoblins
  A quokka (D:2)
  3 bats
  A frilled lizard (D:1)
  A kobold (D:2)
  A rat (D:2)
19 creatures vanquished.

Notes
Turn   | Place    | Note
-------+----------+-------------------------------------------
     0 | D:1      | MANCO the Spriggan Assassin began the quest for the Orb.
     0 | D:1      | Reached XP level 1. HP: 10/10 MP: 2/2
   158 | D:1      | Reached skill level 6 in Stealth
   158 | D:1      | Reached XP level 2. HP: 14/14 MP: 3/3
   576 | D:2      | Learned a level 1 spell: Confusing Touch
   677 | D:2      | Noticed Ijyb
   679 | D:2      | Reached XP level 3. HP: 13/18 MP: 1/4
   707 | D:2      | Reached skill level 7 in Stealth
   825 | D:2      | Succumbed to an adder's poison

Skill      XL: |  1  2  3 |
---------------+----------+-----
Stealth        | 6 7 |  7.0
Fighting       | |  1.7
Short Blades   | |  2.5
Throwing       | |  2.1
Dodging        | |  1.5
Spellcasting   | |  0.2

Action                   || total
-------------------------++-------
Melee: Dagger            ||    45
 Fire: Blowgun           ||     7
Throw: Tomahawk          ||     6
 Cast: Confusing Touch   ||     3
  Use: Scroll            ||     1
       Potion            ||     1
 Stab: Sleeping          ||     7
Armor: Robe              ||    12
Dodge: Dodged            ||    36
